 Dungeon Crawl Stone Soup version 0.30-a0-34-gbe8da3892a (webtiles) character file.

Game seed: 683331013462756140

17231 ytrimaz the Transmogrifier (level 12, -5/102 HPs)
             Began as an Octopode Transmuter on Aug 27, 2022.
             Was an Initiate of Ashenzari.
             Slain by an eight-headed hydra (12 damage)
             ... on level 1 of the Lair of Beasts.
             The game lasted 00:17:52 (15982 turns).

ytrimaz the Transmogrifier (Octopode Transmuter)   Turns: 15982, Time: 00:17:53

Health: -5/102     AC: 16    Str: 19    XL:     12   Next: 45%
Magic:  16/26      EV: 12    Int: 20    God:    Ashenzari [......]
Gold:   636        SH:  0    Dex: 13    Spells: 10/31 levels left

rFire   + + .      SeeInvis .      - Unarmed
rCold   x . .      Faith    .    (shield currently unavailable)
rNeg    . . .      Spirit   .    (helmet currently unavailable)
rPois   +          Reflect  .    (no amulet)
rElec   +          Harm     .    m - +4 ring of evasion
rCorr   .          Rampage  .    t - ring of wizardry
Will    +....                    u - ring "Uduteem" {rElec Will+}
Stlth   +.........               x - ring of poison resistance
HPRegen 0.27/turn                (no ring)
MPRegen 0.20/turn                (no ring)
                                 (no ring)
                                 (no ring)

@: about to teleport, short of breath, dragon-form, wereblooded, flying
A: dragon claw, dragon scales, breathe fire, flying, boosted hp, almost no
armour, amphibious, 8 rings, giant, (camouflage 1), (gelatinous body 1), (nimble
swimmer 1), (tentacles)
a: Breathe Fire, End Transformation, Renounce Religion


You were on level 1 of the Lair of Beasts.
You worshipped Ashenzari.
Ashenzari was noncommittal.
You were a fearsome dragon!
You visited 3 branches of the dungeon, and saw 13 of its levels.

You collected 636 gold pieces.

Inventory:

Missiles
 A - 3 throwing nets
Jewellery
 m - a +4 ring of evasion (left foreclaw)
 t - a ring of wizardry (right foreclaw)
 u - the ring "Uduteem" (on tentacle) {rElec Will+}
   (You acquired it on level 9 of the Dungeon)

   [ring of willpower]

   rElec:     It insulates you from electricity.
   Will:      It increases your willpower.
 x - a ring of poison resistance (on tentacle)
Wands
 e - a wand of polymorph (7)
 f - a wand of paralysis (11)
 o - a wand of mindburst (5)
 w - a wand of acid (7)
 y - a wand of digging (10)
Scrolls
 b - 2 scrolls of poison
 c - 5 scrolls of enchant weapon
 d - 6 scrolls of teleportation
 j - 2 scrolls of magic mapping
 p - a scroll of amnesia
 r - 9 scrolls of identify
 v - a scroll of enchant armour
Potions
 a - 4 potions of heal wounds
 g - 2 potions of mutation
 h - 2 potions of haste
 i - 7 potions of flight
 k - a potion of invisibility
 l - a potion of brilliance
 n - a potion of lignification
 q - 7 potions of curing
 s - a potion of magic
 z - a potion of attraction
 B - a potion of might


   Skills:
 - Level 1.0 Fighting
 - Level 0.3 Short Blades
 - Level 0.2(0.3) Long Blades
 - Level 0.2(0.4) Axes
 - Level 0.2(0.5) Maces & Flails
 - Level 0.2(0.5) Polearms
 - Level 0.5(0.6) Staves
 - Level 0.2 Ranged Weapons
 - Level 0.2 Throwing
 - Level 2.0 Dodging
 - Level 0.2 Shields
 + Level 9.2 Unarmed Combat
 - Level 10.0 Spellcasting
 - Level 0.3 Conjurations
 - Level 0.3 Hexes
 - Level 1.4 Summonings
 - Level 0.3 Necromancy
 - Level 0.3 Translocations
 + Level 13.5 Transmutations
 - Level 0.3 Fire Magic
 - Level 4.0 Ice Magic
 - Level 0.3 Air Magic
 - Level 0.3 Earth Magic
 - Level 4.0 Poison Magic
 - Level 0.7 Invocations


You had 10 spell levels left.
You knew the following spells:

 Your Spells              Type           Power      Damage    Failure   Level
a - Spider Form           Tmut/Pois      45%        N/A       1%          3
b - Wereblood             Tmut           59%        N/A       1%          2
c - Ice Form              Ice/Tmut       45%        N/A       1%          4
d - Dragon Form           Tmut           29%        N/A       9%          7
e - Irradiate             Conj/Tmut      18%        3d17      4%          5

Your spell library contained the following spells:

 Spells                   Type           Power      Damage    Failure   Level
 Beastly Appendage        Tmut           100%       N/A       1%          1
 Summon Small Mammal      Summ           60%        N/A       1%          1
 Ignite Poison            Fire/Tmut/Pois 33%        N/A       1%          3
 Petrify                  Tmut/Erth      37%        N/A       1%          4
 Blade Hands              Tmut           29%        N/A       1%          5
 Apportation              Tloc           22%        N/A       2%          1
 Necrotise                Necr           44%        1d6       2%          1
 Sublimation of Blood     Necr           11%        N/A       4%          2
 Call Canine Familiar     Summ           15%        N/A       4%          3
 Mephitic Cloud           Conj/Pois/Air  16%        N/A       4%          3
 Summon Guardian Golem    Hex/Summ       13%        N/A       6%          3
 Freezing Cloud           Conj/Ice/Air   8%         6-21      38%         5
 Iron Shot                Conj/Erth      5%         9d2       97%         6
 Polar Vortex             Ice            13%        N/A       100%        9
 Animate Armour           Summ/Erth      Unusable   N/A       N/A         4

Dungeon Overview and Level Annotations

Branches:
Dungeon (11/15)            Temple (1/1) D:5            Lair (1/5) D:9
    Orc (0/2) D:10

Altars:
Ashenzari
Cheibriados
Dithmenos
Elyvilon
Fedhas
Gozag
Hepliaklqana
Kikubaaqudgha
Makhleb
Nemelex Xobeh
Okawaru
Qazlal
Ru
Sif Muna
Trog
Uskayaw
Vehumet
Wu Jian
Xom
Yredelemnul
Zin
The Shining One

Shops:
D:4 [   D:5 (

Portals:
Trove: D:10 (show slimy rune of Zot)


Innate Abilities, Weirdness & Mutations

You are a fearsome dragon!
You have a powerful clawing attack.
Your giant scaled body is strong and resiliant, but less evasive.
You can breathe fire.
You are flying.
Your maximum health is greatly increased.
Your armour is entirely melded.
You are incapable of wielding weapons or throwing items.
You cannot wear most types of armour.
You are amphibious.
You can wear up to eight rings at the same time.
((Your skin changes colour to match your surroundings (Stealth+).))
((Your rubbery body absorbs attacks. (AC +1, EV +1)))
((You are camouflaged when in or above water. (Stealth+)))
((You have tentacles for arms and can constrict up to eight enemies at once.))


Message History

Unknown command.
Aiming: Breathe Fire (0% risk of failure)
Press: ? - help, Shift-Dir - straight line, f - eight-headed hydra
Aim: an eight-headed hydra (fleeing, 92% to hit)
You breathe a blast of fire.
The fiery breath hits the eight-headed hydra!!
The eight-headed hydra is moderately wounded.
Your attack snaps the eight-headed hydra out of its fear.
You roar as the wereblood boils in your veins!
Unknown command.
Aiming: Polymorph
Press: ? - help, Shift-Dir - straight line, f/p - eight-headed hydra
Aim: an eight-headed hydra (moderately wounded, will become a sea snake, a broodmother, or a great orb of eyes, chance to affect: 17%)
Okay, then.
As you read the scroll of teleportation, it crumbles to dust.
You feel strangely unstable. The eight-headed hydra bites you!
The eight-headed hydra closely misses you.
The eight-headed hydra bites you but does no damage.
The eight-headed hydra closely misses you.
The eight-headed hydra bites you. The eight-headed hydra bites you!
* * * LOW HITPOINT WARNING * * *
The eight-headed hydra bites you but does no damage.
The eight-headed hydra bites you.
* * * LOW HITPOINT WARNING * * *
Unknown command.
Unknown command.
The eight-headed hydra attacks as you move away!
The eight-headed hydra bites you!
* * * LOW HITPOINT WARNING * * *
The eight-headed hydra bites you but does no damage.
The eight-headed hydra barely misses you.
The eight-headed hydra bites you.
* * * LOW HITPOINT WARNING * * *
The eight-headed hydra bites you but does no damage.
The eight-headed hydra bites you.
* * * LOW HITPOINT WARNING * * *
The eight-headed hydra bites you.
* * * LOW HITPOINT WARNING * * *
The eight-headed hydra bites you!
You die...

..## >...##8.> .......
...# #... ....... ...#
#...#. .......
8.###...#.. ..^....
..##.. #..#### .......
......##$....# .......
.............####.......
.....#........./DD...ยง..
...#...........###......
8.............## .....
[+#............## ....
................# ...
...............## ..
......^.......## .
.............##
............##


You could see an eight-headed hydra.

Vanquished Creatures
  Harold (D:11)
  A death knight (D:11)
  3 two-headed ogres
  A death yak (D:9)
  A tengu warrior (D:11)
  Nergalle (D:11)
  A manticore (D:11)
  A cyclops (D:10)
  2 rust devils (D:10)
  An elephant (D:9)
  A cane toad (Lair:1)
  Psyche (D:9)
  A tengu conjurer (D:11)
  2 komodo dragons (Lair:1)
  3 trolls
  Grinder (D:3)
  3 blink frogs (Lair:1)
  A shadow (D:10)
  A wraith (D:11)
  A basilisk (D:9)
  22 yaks
  2 steam dragons (D:8)
  2 water moccasins
  9 orc warriors
  2 black bears
  3 ice beasts
  A sky beast (D:8)
  3 centaurs
  A phantom (D:6)
  2 kobold brigands (D:9)
  4 bullfrogs
  5 scorpions
  A gnoll sergeant (D:7)
  4 wights
  8 killer bees
  A crimson imp (D:5)
  4 jellies (D:6)
  8 orc priests
  5 hounds
  An iguana (D:4)
  12 orc wizards
  5 gnolls (D:7)
  9 adders
  A shadow imp (D:6)
  An ufetubus (D:5)
  2 worms
  A dart slug (D:5)
  25 orcs
  4 ball pythons
  6 endoplasms
  10 giant cockroaches
  6 goblins
  7 hobgoblins
  4 jackals (D:1)
  4 quokkas
  7 bats
  7 frilled lizards
  7 kobolds
  6 rats
240 creatures vanquished.

Vanquished Creatures (others)
  2 bushes (Lair:1)
  A fungus (D:9)
  4 plants
7 creatures vanquished.

Grand Total: 247 creatures vanquished

Notes
Turn   | Place    | Note
-------+----------+-------------------------------------------
     0 | D:1      | ytrimaz the Octopode Transmuter began the quest for the
                  | Orb.
     0 | D:1      | Reached XP level 1. HP: 13/13 MP: 3/3
   443 | D:1      | Reached XP level 2. HP: 9/18 MP: 5/5
  1176 | D:2      | Reached XP level 3. HP: 23/23 MP: 6/6
  1238 | D:2      | Learned a level 2 spell: Wereblood
  1242 | D:2      | Learned a level 3 spell: Spider Form
  1423 | D:2      | You fall into a shaft and drop 2 floors!
  1487 | D:3      | Noticed Grinder
  1595 | D:3      | Reached skill level 1 in Poison Magic
  1634 | D:3      | Reached XP level 4. HP: 28/28 MP: 7/7
  1635 | D:3      | Paralysed by Grinder for 5 turns
  1647 | D:3      | Killed Grinder
  1648 | D:3      | Reached skill level 3 in Transmutations
  1648 | D:3      | Reached XP level 5. HP: 33/33 MP: 7/9
  1648 | D:3      | Reached XP level 6. HP: 38/38 MP: 7/10
  1802 | D:3      | Found a white marble altar of Elyvilon.
  1802 | D:3      | Found a stormy altar of Qazlal.
  1923 | D:2      | Learned a level 4 spell: Ice Form
  3320 | D:4      | Found Ziur's Armour Boutique.
  3357 | D:4      | Identified the +3 mace "Wuiklu" {vorpal, Will++ rCorr}
  3711 | D:4      | Reached skill level 4 in Transmutations
  3711 | D:4      | Reached skill level 1 in Ice Magic
  3711 | D:4      | Reached XP level 7. HP: 43/43 MP: 7/12
  4262 | D:5      | Entered Level 5 of the Dungeon
  4726 | D:5      | Found a burning altar of Makhleb.
  4726 | D:5      | Found a shimmering altar of Xom.
  5016 | D:5      | Found a staircase to the Ecumenical Temple.
  5030 | Temple   | Entered the Ecumenical Temple
  5389 | D:5      | Found Wetecoor's Antique Weapon Shop.
  5487 | D:5      | Reached skill level 5 in Transmutations
  6070 | D:5      | Reached XP level 8. HP: 38/48 MP: 10/15
  6123 | D:5      | Reached skill level 5 in Spellcasting
  6259 | D:6      | Reached skill level 6 in Transmutations
  7097 | D:6      | Reached XP level 9. HP: 53/53 MP: 13/18
  7338 | D:6      | Identified a scroll of acquirement
  7338 | D:6      | Acquired the Compilation of Metamorphic Frostbite
  7572 | D:6      | Reached skill level 7 in Transmutations
  9033 | D:7      | Reached skill level 8 in Transmutations
  9374 | D:7      | Found a shimmering blue altar of Sif Muna.
  9457 | D:7      | Found a sacrificial altar of Ru.
  9597 | D:7      | Found an ornate altar of the Wu Jian Council.
  9653 | D:8      | HP: 2/63 [something (5)]
 10258 | D:8      | Reached XP level 10. HP: 54/58 MP: 17/22
 10272 | D:8      | Reached skill level 9 in Transmutations
 11107 | D:8      | Noticed a two-headed ogre
 11159 | D:8      | Killed a two-headed ogre
 11168 | D:8      | Learned a level 5 spell: Irradiate
 11176 | D:8      | Learned a level 7 spell: Dragon Form
 11543 | D:8      | Reached skill level 10 in Transmutations
 11552 | D:8      | Reached skill level 10 in Spellcasting
 11552 | D:8      | Reached skill level 1 in Summonings
 11709 | D:9      | Found a staircase to the Lair.
 11709 | D:9      | Noticed an elephant
 11709 | D:9      | Noticed a death yak
 11736 | D:9      | Killed an elephant
 11737 | D:9      | Reached XP level 11. HP: 63/63 MP: 13/25
 11739 | D:9      | Killed a death yak
 11740 | D:9      | Reached skill level 5 in Unarmed Combat
 11762 | D:9      | HP: 2/63 [black bear (4)]
 12017 | D:9      | Identified the +1 robe "Epicappiexu" {Contam rPois Will+
                  | Int+2}
 12055 | D:9      | Reached skill level 11 in Transmutations
 12412 | D:9      | Noticed Psyche
 12422 | D:9      | Killed Psyche
 12543 | D:9      | Noticed a two-headed ogre
 12548 | D:9      | Killed a two-headed ogre
 12921 | D:9      | Acquired the ring "Uduteem" {rElec Will+}
 13253 | D:10     | Entered Level 10 of the Dungeon
 13348 | D:10     | Found a staircase to the Orcish Mines.
 13481 | D:10     | Noticed a cyclops
 13487 | D:10     | Killed a cyclops
 13559 | D:10     | Noticed a two-headed ogre
 13566 | D:10     | Killed a two-headed ogre
 13836 | D:10     | Found a broken altar of Ashenzari.
 13837 | D:10     | Found a shadowy altar of Dithmenos.
 13891 | D:10     | Found a portal to a secret trove of treasure.
 14256 | D:11     | Noticed Nergalle
 14262 | D:11     | Killed Nergalle
 14263 | D:11     | Reached skill level 12 in Transmutations
 14402 | D:11     | Noticed a manticore
 14412 | D:11     | Killed a manticore
 14530 | D:11     | Noticed a tengu warrior
 14535 | D:11     | Noticed Harold
 14541 | D:11     | Killed a tengu warrior
 14546 | D:11     | Reached XP level 12. HP: 68/68 MP: 18/26
 14550 | D:11     | Killed Harold
 15063 | D:11     | Noticed a death knight
 15072 | D:11     | Killed a death knight
 15327 | D:11     | Identified the +1 ring mail "Pyac" {Regen+}
 15434 | D:10     | Reached skill level 13 in Transmutations
 15566 | D:10     | Found a snail-covered altar of Cheibriados.
 15579 | D:10     | Became a worshipper of Ashenzari the Shackled
 15662 | Lair:1   | Entered Level 1 of the Lair of Beasts
 15972 | Lair:1   | Noticed an eight-headed hydra
 15982 | Lair:1   | Slain by an eight-headed hydra

Illustrated notes

Levels and vault maps discovered:
D:1:      dreamdust_arrival_sigmund_warning, layout_basic,
          corexii_leaking_fountain
D:2:      layout_loops_ring
D:3:      cheibrodos_old_hovel, layout_rooms, amethyst_overflow_temple_binary,
          uniq_grinder
D:4:      layout_loops_ring, serial_shops, nicolae_shop_hallway_plus
D:5:      layout_basic, grunt_temple_overflow_champion_of_chaos,
          minmay_temple_entry_junction, serial_shops, nicolae_shop_trees
D:6:      layout_rooms
D:7:      layout_rooms, kennysheep_orc_sif_temple, hangedman_ru_absence,
          pdpol_wu_jian_five_deadly_venoms, minmay_misc_feat_columns,
          dk_noncrumbling_4, chequers_serial_rivers_small_b
D:8:      layout_loops_cross, minmay_misc_feat_more_columns
D:9:      layout_basic, david_lair_generic, kennysheep_nondescript,
          billiards_dpeg, uniq_psyche
D:10:     cheibrodos_iron_armory, layout_long_grid,
          nicolae_overflow_hidden_temple, orc_0_dummy,
          nicolae_trove_entry_free_sample
D:11:     layout_stronghold, uniq_nergalle, uniq_harold
Temple:   hc_temple_tempest_star
Lair:1:   layout_cave_pods, minmay_hedge_maze, grunt_megastairs_5

Skill      XL: |  1  2  3  4  5  6  7  8  9 10 11 12 |
---------------+-------------------------------------+-----
Unarmed Combat | 4 8 9 |  9.2
Poison Magic   | 1 3 4 |  4.0
Spellcasting   | 3 4 6 8 10 | 10.0
Transmutations | 3 4 5 6 8 10 12 13 | 13.5
Ice Magic      | 1 2 4 |  4.0
Summonings     | 1 |  1.4
Fighting       | |  1.0
Short Blades   | |  0.3
Long Blades    | |  0.2
Axes           | |  0.2
Maces & Flails | |  0.2
Polearms       | |  0.2
Staves         | |  0.5
Ranged Weapons | |  0.2
Throwing       | |  0.2
Dodging        | |  2.0
Shields        | |  0.2
Conjurations   | |  0.3
Hexes          | |  0.3
Necromancy     | |  0.3
Translocations | |  0.3
Fire Magic     | |  0.3
Air Magic      | |  0.3
Earth Magic    | |  0.3
Invocations    | |  0.7

Action                   |  1- 3 |  4- 6 |  7- 9 | 10-12 || total
-------------------------+-------+-------+-------+-------++-------
Melee: Unarmed           |    57 |   106 |   311 |   194 ||   668
       Tentacles         |    14 |     9 |     4 |     2 ||    29
       Constrict         |    12 |    17 |     5 |     1 ||    35
       Kick              |     6 |    14 |     1 |       ||    21
       Punch             |     1 |       |     2 |     4 ||     7
       Tailslap          |       |       |       |    29 ||    29
       Bite              |       |       |       |    25 ||    25
 Cast: Beastly Appendage |    20 |    22 |     1 |       ||    43
       Spider Form       |       |     9 |    13 |     2 ||    24
       Wereblood         |       |     1 |     5 |     6 ||    12
       Ice Form          |       |       |    23 |     3 ||    26
       Dragon Form       |       |       |       |    29 ||    29
 Abil: Breathe Fire      |       |       |       |     9 ||     9
       End Transformatio |       |       |       |     1 ||     1
  Use: Scroll            |     3 |     6 |    11 |     7 ||    27
       Potion            |     2 |       |       |     2 ||     4
 Stab: Sleeping          |     5 |     7 |     3 |       ||    15
Armor: Skin              |     8 |    17 |    75 |    96 ||   196
Dodge: Dodged            |    47 |    70 |   256 |   117 ||   490

Table legend: (Time is in decaauts)
 A = Elapsed time spent in this place.
 B = Non-inter-level travel time spent in this place.
 C = Inter-level travel time spent in this place.
 D = Time resting spent in this place.
 E = Time spent auto-exploring this place.
 F = Levels seen in this place.
 G = Mean time per level.
                   A        B        C        D        E       F      G
               +--------+--------+--------+--------+--------+-----+--------+
         Total |  15911 |  15379 |    532 |   2956 |  10281 |  13 | 1223.9 |
       Dungeon |  15334 |  14834 |    500 |   2956 |   9816 |  11 | 1394.0 |
        Temple |    259 |    227 |     32 |      0 |    213 |   1 |  259.0 |
          Lair |    316 |    316 |      0 |      0 |    252 |   1 |  316.0 |
               +--------+--------+--------+--------+--------+-----+--------+

Top non-repeatable levels by time:
     D:5: 2267 daAuts
     D:8: 1994 daAuts
     D:9: 1621 daAuts
     D:7: 1494 daAuts
    D:11: 1384 daAuts
     D:6: 1344 daAuts
     D:1: 1142 daAuts
     D:2: 1101 daAuts
     D:4: 1023 daAuts
    D:10: 981 daAuts
     D:3: 979 daAuts
  Lair:1: 316 daAuts
  Temple: 259 daAuts
